 Dungeon Crawl Stone Soup version 0.30-a0-913-g9934a0ce24 (webtiles) character file.

Game seed: 2875961566630593747

340 timneilson the Covered (level 6, -2/38 HPs)
             Began as a Gargoyle Fighter on Mar 19, 2023.
             Slain by an orc
             ... wielding a +0 club
              (3 damage)
             ... on level 3 of the Dungeon.
             The game lasted 00:03:45 (1646 turns).

timneilson the Covered (Gargoyle Fighter)           Turns: 1646, Time: 00:03:46

Health: -2/38      AC: 12    Str: 20    XL:     6   Next: 56%
Magic:  6/6        EV:  9    Int:  8    God:
Gold:   80         SH:  6    Dex: 11    Spells: 5/5 levels left

rFire   . . .      SeeInvis .    a - +0 long sword
rCold   . . .      Faith    .    c - +1 buckler
rNeg    + . .      Spirit   .    b - +0 scale mail
rPois   ∞          Reflect  .    (no helmet)
rElec   +          Rampage  .    (no cloak)
rCorr   .                        j - +0 pair of gloves
Will    .....                    (no boots) Stlth
                                 (no amulet)
HPRegen 0.26/turn                (no ring)
MPRegen 0.10/turn                (no ring)

@: hasted, very quick
A: sickness immunity, AC +4, negative energy resistance 1, electricity
resistance, torment resistance 1, petrification resistance
a: no special abilities


You were on level 3 of the Dungeon.
You visited 1 branch of the dungeon, and saw 3 of its levels.

You collected 80 gold pieces.

Inventory:

Hand Weapons
 a - a +0 long sword (weapon)
Armour
 b - a +0 scale mail (worn)
 c - a +1 buckler (worn)
 j - a +0 pair of gloves (worn)
Wands
 l - a wand of flame (33)
Scrolls
 f - a scroll of identify
Potions
 d - 2 potions of might
 e - 2 potions of attraction
 g - 2 potions of lignification
 h - a potion of brilliance
 i - a potion of haste


   Skills:
 + Level 4.1 Fighting
 * Level 3.4 Long Blades
 * Level 4.8 Armour
 + Level 1.5 Dodging
 * Level 4.8 Shields
 + Level 0.1 Evocations


You had 5 spell levels left.
You didn't know any spells.
Your spell library contained the following spells:

 Spells                   Type           Power      Damage    Failure   Level
 Summon Small Mammal      Summ           0%         N/A       83%         1
 Call Canine Familiar     Summ           0%         N/A       99%         3
 Summon Guardian Golem    Hex/Summ       0%         N/A       99%         3


Dungeon Overview and Level Annotations

Branches:
Dungeon (3/15)

Altars:

Shops:
D:1 (   D:2 (


Innate Abilities, Weirdness & Mutations

You are immune to sickness and miasma.
Your stone body is resilient. (AC +4)
You are immune to poison.
You resist negative energy. (rN+)
You are resistant to electric shocks. (rElec)
You are resistant to unholy torment.
You are immune to petrification.


Message History

You closely miss something. Something hits you but does no damage.
The orc barely misses you.
You hit something. Something hits you but does no damage.
The orc hits you but does no damage.
You miss something. The orc closely misses you.
You hear some strange, mumbled words.
A puff of flame appears from out of thin air!
The puff of flame hits you but does no damage.
You barely miss something.
You hear some strange, mumbled words.
A magic dart appears from out of thin air!
The magic dart hits you! The orc hits you but does no damage.
The orc barely misses you. Something hits you but does no damage.
You barely miss something. The orc barely misses you.
Something hits you but does no damage.
You closely miss something. Something hits you.
The orc hits you with a +0 club.
You barely miss something. The orc hits you but does no damage.
You hear some strange, mumbled words.
Something tries to affect you, but you resist.
You barely miss something. Something hits you but does no damage.
The orc barely misses you. The orc hits you but does no damage.
Something hits you.
You hit something. Something hits you but does no damage.
The orc completely misses you.
You hit something but do no damage. You block something's attack.
The orc hits you but does no damage.
You closely miss something.
You hear some strange, mumbled words.
A magic dart appears from out of thin air!
The magic dart hits you!
* * * LOW HITPOINT WARNING * * *
The orc hits you but does no damage. The orc closely misses you.
You hear some strange, mumbled words.
A puff of flame appears from out of thin air!
The puff of flame hits you.
* * * LOW HITPOINT WARNING * * *
You feel yourself speed up. Something hits you but does no damage.
The orc hits you with a +0 club.
You die...

...........
......#
###.#.###
........#
###.#.#[###
#.#.....#
#######
#.###.#.#
####.......
#.....#.#
#{o)....#
#######.#
#@##.##.#
#.######.##.#
#.......†...#
########.####
#.# #.. ####


You could see an orc.

Vanquished Creatures
  Sigmund (D:2)
  An orc priest (D:3)
  Natasha (thrice) (D:2)
  Terence (D:2)
  An adder (D:2)
  A dart slug (D:1)
  3 orcs (D:3)
  7 endoplasms
  2 goblins
  6 hobgoblins
  A quokka (D:2)
  2 ball pythons
  2 bats (D:2)
  4 frilled lizards
  6 kobolds
  2 rats (D:2)
43 creatures vanquished.

Notes
Turn   | Place    | Note
-------+----------+-------------------------------------------
     0 | D:1      | timneilson the Gargoyle Fighter began the quest for the
                  | Orb.
     0 | D:1      | Reached XP level 1. HP: 14/14 MP: 1/1
   265 | D:1      | Found Cepocwir's Antique Weapon Shop.
   335 | D:1      | Reached XP level 2. HP: 19/19 MP: 2/2
   747 | D:2      | Noticed Terence
   758 | D:2      | Killed Terence
   759 | D:2      | Reached XP level 3. HP: 17/23 MP: 3/3
   840 | D:2      | Noticed Sigmund
   855 | D:2      | Killed Sigmund
   856 | D:2      | Reached skill level 1 in Dodging
   856 | D:2      | Reached XP level 4. HP: 24/29 MP: 4/4
   856 | D:2      | Reached XP level 5. HP: 27/33 MP: 5/5
   965 | D:2      | Noticed Natasha
   973 | D:2      | Killed Natasha
   974 | D:2      | Reached XP level 6. HP: 29/38 MP: 6/6
  1003 | D:2      | Found Ythrahyb's Antique Weapon Shop.
  1228 | D:2      | Noticed Natasha
  1235 | D:2      | Killed Natasha
  1300 | D:2      | Noticed Natasha
  1312 | D:2      | Killed Natasha
  1645 | D:3      | HP: 1/38 [something/puff of flame (6)]
  1646 | D:3      | Slain by an orc

Illustrated notes

Levels and vault maps discovered:
D:1:      shiori_arrival_oz, layout_loops_ring, serial_shops, shop
D:2:      layout_loops_ring, serial_shops, nicolae_shop_statue_plus,
          uniq_terence, uniq_natasha, uniq_sigmund
D:3:      layout_loops_ring, uniq_jessica

Skill      XL: |  1  2  3  4  5  6 |
---------------+-------------------+-----
Long Blades    | 2 3 |  3.4
Armour         | 4 |  4.8
Dodging        | 1 |  1.5
Shields        | 4 |  4.8
Fighting       | 4 |  4.1
Evocations     | |  0.1

Action                     |  1- 3 |  4- 6 || total
---------------------------+-------+-------++-------
  Melee: Long sword        |    54 |   110 ||   164
    Use: Scroll            |     4 |     4 ||     8
         Potion            |     1 |     1 ||     2
 Armour: Scale mail        |    20 |    68 ||    88
  Dodge: Dodged            |    13 |    54 ||    67
  Block: Buckler           |    10 |    27 ||    37

Table legend: (Time is in decaauts)
 A = Elapsed time spent in this place.
 B = Non-inter-level travel time spent in this place.
 C = Inter-level travel time spent in this place.
 D = Time resting spent in this place.
 E = Time spent auto-exploring this place.
 F = Levels seen in this place.
 G = Mean time per level.
                   A        B        C        D        E       F      G
               +--------+--------+--------+--------+--------+-----+--------+
         Total |   1694 |   1654 |     40 |     32 |   1174 |   3 |  564.7 |
       Dungeon |   1694 |   1654 |     40 |     32 |   1174 |   3 |  564.7 |
               +--------+--------+--------+--------+--------+-----+--------+

Top non-repeatable levels by time:
     D:2: 801 daAuts
     D:1: 740 daAuts
     D:3: 152 daAuts
